 Dungeon Crawl Stone Soup version 0.24-a0-244-ga6a6ab7 (webtiles) character file.

Game seed: 4257261650346405022

2984 Leeroy the Zephyrmancer (level 9, -1/50 HPs)
             Began as a Tengu Air Elementalist on Apr 11, 2019.
             Was a Believer of Vehumet.
             Slain by a four-headed hydra (13 damage)
             ... on level 8 of the Dungeon.
             The game lasted 00:36:45 (7490 turns).

Leeroy the Zephyrmancer (Tengu Air Elementalist)    Turns: 7490, Time: 00:36:45

Health: -1/50      AC:  4    Str: 10    XL:     9   Next: 83%
Magic:  10/17      EV: 14    Int: 17    God:    Vehumet [**....]
Gold:   98         SH:  4    Dex: 15    Spells: 0/18 levels left

rFire    . . .     SeeInvis .   Q - +0 long sword (holy)
rCold    . . .     Gourm    .   X - +0 buckler
rNeg     . . .     Faith    .   e - +0 leather armour
rPois    .         Spirit   .   (helmet restricted)
rElec    .         Reflect  .   (no cloak)
rCorr    .         Harm     .   I - +0 pair of gloves
MR       .....                  (boots unavailable)
Stlth    ++........             (no amulet)
HPRegen  0.16/turn              (no ring)
MPRegen  0.15/turn              (no ring)

@: flying quickly and evasively, very slightly contaminated, quick
A: beak, talons 3, able to fly
a: Stop Flying, Renounce Religion


You were on level 8 of the Dungeon.
You worshipped Vehumet.
Vehumet was pleased with you.
You were near starving.

You visited 2 branches of the dungeon, and saw 9 of its levels.
You also visited: Ossuary.

You collected 375 gold pieces.
You spent 277 gold pieces at shops.

Inventory:

Hand Weapons
 a - a +0 whip of flaming
 g - a +1 dagger of speed
 A - a +2 dagger of venom
 D - a +0 hunting sling
 F - a +1 antimagic flail
 M - the +10 morningstar "Eos" {elec, Halo rElec}
   (You found it on level 4 of the Dungeon)

   Occasionally, upon striking a foe, it will discharge some electrical energy
   and cause terrible harm.
   It insulates you from electricity.
 N - a +0 shortbow
 O - a +4 great sword of freezing
 Q - a +0 long sword of holy wrath (weapon)
Missiles
 n - 55 sling bullets
 o - 30 bolts
 q - 122 stones (quivered)
 r - 77 arrows
 t - 30 poisoned needles
 x - a throwing net
Armour
 e - a +0 leather armour (worn)
 k - a +2 robe of positive energy
 y - a +0 chain mail of magic resistance
 I - a +0 pair of gloves (worn)
 L - a +0 ring mail
 P - a +0 ring mail of fire resistance
 X - a +0 buckler (worn)
Magical Staves
 T - an uncursed staff of cold {unknown}
Jewellery
 d - an uncursed ring of fire {unknown}
 h - a cursed -5 ring of evasion {unknown}
 S - an uncursed ring of stealth {unknown}
 V - an uncursed ring of protection from magic {unknown}
Wands
 b - a wand of random effects (37)
 u - a wand of polymorph (15)
 U - a wand of digging (4)
Scrolls
 f - 12 scrolls of identify {unknown}
 j - 2 scrolls of enchant weapon {unknown}
 v - a scroll of acquirement {unknown}
 w - 3 scrolls of remove curse {unknown}
 z - 2 scrolls of fog {unknown}
 E - a scroll of amnesia {unknown}
 G - a scroll of random uselessness {unknown}
 H - 2 scrolls of teleportation {unknown}
 J - 2 scrolls of immolation {unknown}
 W - a scroll of fear {unknown}
 Y - a scroll of blinking {unknown}
 Z - a scroll of holy word
Potions
 i - a potion of haste {unknown}
 l - 2 potions of lignification {unknown}
 m - a potion of agility {unknown}
 p - 3 potions of degeneration {unknown}
 s - a potion of magic {unknown}
 B - a potion of invisibility {unknown}
 C - a potion of might
 K - 4 potions of flight {unknown}
 R - a potion of curing {unknown}
Comestibles
 c - 10 rations


   Skills:
 - Level 3.1 Fighting
 - Level 2.9(4.8) Short Blades
 - Level 5.9(6.2) Long Blades
 - Level 2.1 Maces & Flails
 - Level 4.3 Armour
 * Level 2.2 Dodging
 - Level 2.0 Stealth
 - Level 2.0 Shields
 - Level 5.2 Spellcasting
 * Level 6.1 Conjurations
 + Level 9.8 Air Magic


You couldn't memorise any spells.
You knew the following spells:

 Your Spells              Type           Power        Failure   Level  Hunger
a - Shock                 Conj/Air       ####         1%          1    None
b - Swiftness             Chrm/Air       ###.....     4%          2    #......
c - Airstrike             Air            #####.....   4%          4    ####...
d - Freeze                Ice            #...         24%         1    None
e - Lightning Bolt        Conj/Air       ####......   24%         5    ######.
f - Static Discharge      Conj/Air       ####....     2%          3    ###....
g - Searing Ray           Conj           ####..       2%          2    #......

Your spell library contained the following spells:

 Spells                   Type           Power        Failure   Level  Hunger


Dungeon Overview and Level Annotations

Branches:
Dungeon (8/15)             Temple (1/1) D:4
   Lair: D:8-11

Altars:
Cheibriados
Dithmenos
Elyvilon
Fedhas
Hepliaklqana
Kikubaaqudgha
Makhleb
Nemelex Xobeh
Okawaru
Qazlal
Ru
Sif Muna
Trog
Uskayaw
Vehumet
Wu Jian
Xom
Yredelemnul
Zin
The Shining One

Shops:
D:4 [   D:6 :(?

Annotations:
D:3 2 transporters, Hylith's ghost, weakling DsFi


Innate Abilities, Weirdness & Mutations

You have a beak for a mouth.
You have claws for feet.
You can fly continuously.


Message History

Your kick misses the shadow imp.
The shadow imp is moderately wounded.
The shadow imp misses you.
You hit the shadow imp but do no damage.
You peck the shadow imp.
The shadow imp is severely wounded.
You block the shadow imp's attack.
You hit the shadow imp.
You kill the shadow imp!
Vehumet accepts your kill.
You feel your power returning.
The two-headed ogre hits you with a +0 giant club! x2
* * * LOW HITPOINT WARNING * * *
Found a stone staircase leading down.
A four-headed hydra comes into view.
The four-headed hydra roars!
The four-headed hydra bites you.
* * * LOW HITPOINT WARNING * * *
The four-headed hydra bites you!
You die...

########### #.# ###
#.#### ..## #.##..
...######### #### #.##.#
.......O...# ...#
####.##O# ....######.#
###...####.......# ..#.#
#.#####.......##.##.##.#
.##.# #....O..D>....##
#.##.# .##.#
#######@......# #.....
.##.# #....?.........
.###.# .##.#
#.#######...### . #..
#.# #.## .. ... .# ## #.
#


You could see a four-headed hydra and a two-headed ogre.

Vanquished Creatures
  Pikel (D:7)
  Joseph (D:7)
  Grinder (D:5)
  Sigmund (D:2)
  Menkaure (D:4)
  An orc warrior (D:7)
  A phantom (D:7)
  2 ogres
  3 centaurs (D:5)
  2 bullfrogs (D:6)
  2 scorpions
  3 howler monkeys (D:6)
  3 wights (D:6)
  3 centaur zombies
  3 hounds
  2 human zombies (Ossuary)
  A jelly (D:7)
  Terence (D:3)
  An iguana (D:7)
  An orc wizard (D:5)
  3 worker ants
  A killer bee zombie (D:7)
  3 hound zombies (Ossuary)
  3 mummies (Ossuary)
  7 adders
  2 shadow imps
  An ooze (D:2)
  An adder zombie (Ossuary)
  4 worms
  A dart slug (D:3)
  A leopard gecko (D:6)
  9 orcs
  5 giant cockroaches
  2 gnoll zombies (Ossuary)
  3 hobgoblins
  9 jackals
  2 kobolds
  A quokka (D:3)
  5 bats
  2 frilled lizards (D:5)
  8 goblins
  4 goblin zombies (Ossuary)
  6 hobgoblin zombies (Ossuary)
  5 jackal zombies (Ossuary)
  2 kobold zombies (Ossuary)
  A leopard gecko skeleton (D:5)
  3 quokka zombies (Ossuary)
  6 rats
  5 rat zombies (Ossuary)
139 creatures vanquished.

Notes
Turn   | Place    | Note
-------+----------+-------------------------------------------
     0 | D:1      | Leeroy the Tengu Air Elementalist began the quest for the
                  | Orb.
     0 | D:1      | Reached XP level 1. HP: 10/10 MP: 4/4
   370 | D:1      | Reached XP level 2. HP: 15/15 MP: 6/6
   436 | D:1      | Learned a level 2 spell: Swiftness
   628 | D:2      | Reached skill level 1 in Armour
   739 | D:2      | Reached skill level 5 in Air Magic
   739 | D:2      | Reached XP level 3. HP: 19/19 MP: 5/7
   873 | D:2      | Noticed Sigmund
   941 | D:2      | Reached skill level 1 in Short Blades
   999 | D:2      | Found a snail-covered altar of Cheibriados.
  1176 | D:3      | Noticed Terence
  1318 | D:2      | Found a glowing golden altar of the Shining One.
  1318 | D:2      | Found a white marble altar of Elyvilon.
  1318 | D:2      | Found a glowing silver altar of Zin.
  1584 | D:3      | Found a transporter.
  1591 | D:3      | Reached XP level 4. HP: 24/24 MP: 8/8
  1611 | D:3      | Noticed Hylith's ghost (weakling DsFi)
  1762 | D:3      | Learned a level 4 spell: Airstrike
  1787 | D:3      | Found a transporter.
  2042 | D:3      | Found a sacrificial altar of Ru.
  2052 | D:3      | Reached skill level 6 in Air Magic
  2264 | D:3      | Killed Terence
  2264 | D:3      | Reached skill level 1 in Fighting
  2264 | D:3      | Gained mutation: You can fly continuously. [Tengu growth]
  2264 | D:3      | Reached XP level 5. HP: 19/29 MP: 5/9
  2473 | D:4      | Found Coerinti's Antique Armour Emporium.
  2563 | D:4      | Found a staircase to the Ecumenical Temple.
  2572 | Temple   | Entered the Ecumenical Temple
  2585 | Temple   | Became a worshipper of Vehumet
  2693 | D:4      | Noticed Menkaure
  2772 | D:5      | Entered Level 5 of the Dungeon
  2772 | D:5      | Noticed a centaur
  2853 | D:5      | Noticed a centaur
  3024 | D:4      | Found the +10 morningstar "Eos" {elec, Halo rElec}
  3154 | D:5      | Reached skill level 7 in Air Magic
  3164 | D:5      | Noticed a centaur
  3169 | D:5      | Killed a centaur
  3169 | D:5      | Reached XP level 6. HP: 26/36 MP: 8/10
  3209 | D:5      | Reached skill level 8 in Air Magic
  3227 | D:5      | Reached XP level 7. HP: 20/40 MP: 11/11
  3511 | D:5      | Noticed Grinder
  3511 | D:5      | Paralysed by Grinder for 6 turns
  3522 | D:5      | Killed Grinder
  3567 | D:5      | Found an ancient bone altar of Kikubaaqudgha.
  3691 | D:5      | Reached skill level 1 in Maces & Flails
  3840 | D:4      | Reached skill level 5 in Conjurations
  3840 | D:4      | Reached XP level 8. HP: 45/45 MP: 2/12
  4777 | D:4      | Killed Menkaure
  4912 | D:2      | Killed Sigmund
  5111 | D:6      | Found Kops's Magic Scroll Boutique.
  5120 | D:6      | Bought a scroll of holy word for 82 gold pieces
  5121 | D:6      | Found Agen's Antique Weapon Shoppe.
  5155 | D:6      | Reached skill level 1 in Long Blades
  5299 | D:6      | Found Qaroq's Book Boutique.
  5301 | D:6      | Reached * piety under Vehumet
  5301 | D:6      | Offered knowledge of Freeze by Vehumet.
  5423 | D:6      | Reached XP level 9. HP: 38/50 MP: 3/16
  5632 | D:6      | Bought a glowing long sword for 195 gold pieces
  5692 | D:7      | Noticed Joseph
  5715 | D:7      | Killed Joseph
  5715 | D:7      | Reached skill level 1 in Shields
  5715 | D:7      | Reached skill level 5 in Spellcasting
  5887 | D:7      | Learned a level 1 spell: Freeze
  5893 | D:7      | Learned a level 5 spell: Lightning Bolt
  5898 | D:7      | Learned a level 3 spell: Static Discharge
  6240 | D:7      | Found a sparkling altar of Nemelex Xobeh.
  6243 | D:7      | Found a shadowy altar of Dithmenos.
  6247 | D:7      | Found a stormy altar of Qazlal.
  6487 | D:7      | Noticed Pikel
  6518 | D:7      | Killed Pikel
  6518 | D:7      | Reached skill level 5 in Long Blades
  6518 | D:7      | Reached skill level 9 in Air Magic
  6765 | D:8      | Noticed a two-headed ogre
  6879 | D:8      | Found a sand-covered staircase.
  6883 | Ossuary  | Entered an ossuary
  7164 | Ossuary  | Offered knowledge of Searing Ray by Vehumet.
  7177 | Ossuary  | Reached ** piety under Vehumet
  7208 | Ossuary  | Learned a level 2 spell: Searing Ray
  7486 | D:8      | Noticed a four-headed hydra
  7490 | D:8      | Slain by a four-headed hydra

Levels and vault maps discovered:
D:1:      scummos_arrival_hexagon, layout_loops_ring
D:2:      layout_loops_cross, good_gods_mini_temple, cheibriados_altar_1,
          uniq_sigmund
D:3:      layout_basic, nicolae_ru_awakened_eye, gammafunk_ghost_arena,
          uniq_terence
D:4:      layout_loops_ring, minmay_temple_entry_tees, first_ration,
          serial_shops, shop, uniq_menkaure
D:5:      layout_rooms, kiku_gazebo_garden_becter, uniq_grinder
D:6:      layout_rooms, serial_shops, nicolae_shop_stone, shop,
          kennysheep_little_box
D:7:      layout_cave_pods, grunt_temple_overflow_diamond, uniq_pikel,
          uniq_joseph
D:8:      layout_loops_ring, enter_ossuary_5
Temple:   cyrus_circular_temple
Ossuary:  minmay_ossuary_two_tombs

Skill      XL: |  1  2  3  4  5  6  7  8  9 |
---------------+----------------------------+-----
Armour         | 1 2 4 |  4.3
Air Magic      | 5 6 7 8 9 |  9.8
Short Blades   | 2 |  2.9
Fighting       | 1 2 3 |  3.1
Conjurations   | 2 5 6 |  6.1
Maces & Flails | 2 |  2.1
Spellcasting   | 4 5 |  5.2
Long Blades    | 2 5 |  5.9
Shields        | 2 |  2.0
Dodging        | |  2.2
Stealth        | |  2.0

Action                   |  1- 3 |  4- 6 |  7- 9 || total
-------------------------+-------+-------+-------++-------
Melee: Dagger            |    80 |    77 |       ||   157
       Kick              |    16 |    19 |    29 ||    64
       Peck              |     5 |    14 |    19 ||    38
       Morningstar       |       |    21 |    76 ||    97
       Long sword        |       |       |    74 ||    74
Throw: Stone             |     4 |       |     3 ||     7
 Cast: Shock             |    25 |    25 |    10 ||    60
       Airstrike         |       |       |    29 ||    29
       Lightning Bolt    |       |       |     3 ||     3
       Static Discharge  |       |       |     1 ||     1
       Searing Ray       |       |       |     1 ||     1
 Abil: Fly               |       |       |     1 ||     1
  Use: Potion            |       |       |     3 ||     3
 Stab: Sleeping          |     5 |       |       ||     5
       Distracted        |       |     1 |     1 ||     2
  Eat: Chunk             |     2 |     3 |     8 ||    13
       Ration            |       |     1 |     3 ||     4
Armor: Leather armour    |    20 |    12 |    37 ||    69
Dodge: Dodged            |    50 |    45 |    99 ||   194
Block: Buckler           |       |       |    30 ||    30
       Rpst.: Long sword |       |       |     8 ||     8

Table legend:
 A = Non-vault XP
 B = Vault XP
 C = Vault XP percentage of total XP
 D = Non-vault monster count
 E = Vault monster count
 F = Vault count percentage of total count
                 A         B        C        D         E       F
            +---------+---------+-------+---------+---------+-------
      Total |    2220 |    2044 |  47.9 |      96 |      43 |  30.9
            +---------+---------+-------+---------+---------+-------
        D:1 |      13 |       0 |   0.0 |      10 |       0 |   0.0
        D:2 |      68 |     242 |  78.1 |      18 |       1 |   5.3
        D:3 |      69 |      36 |  34.3 |      16 |       1 |   5.9
        D:4 |     196 |     172 |  46.7 |       3 |       1 |  25.0
        D:5 |     616 |     281 |  31.3 |      20 |       1 |   4.8
        D:6 |     674 |       0 |   0.0 |      16 |       0 |   0.0
        D:7 |     573 |    1029 |  64.2 |      12 |       2 |  14.3
        D:8 |      11 |       0 |   0.0 |       1 |       0 |   0.0
    Ossuary |       0 |     284 | 100.0 |       0 |      37 | 100.0
            +---------+---------+-------+---------+---------+-------
